[Event "América central - AÉPA"]
[Site "PC"]
[Date "2025.07.03"]
[Round "1.01"]
[White "Flores, Angel"]
[Black "Ambrosino, Théo"]
[Result "0-1"]
[ECO "B01"]
[Opening "Scandinavian (centre counter) defence"]
[Time "20:02:51"]
[UTCTime "18:02:51"]
[UTCDate "2025.07.03"]
[WhiteElo "1756"]
[BlackElo "1928"]
[PlyCount "46"]
[TimeControl "3600+30"]
[WhiteTimeLeft "483"]
[BlackTimeLeft "1513"]
[Termination "Abandoned"]
[Mode "TC"]
[Annotator "Ericlock2.65"]

 1. e4 d5 2. e5 d4 3. Bc4 e6 4. Nf3 Ne7 5. O-O b6 6. c3 c5 7. b4 Nf5 8. bxc5 Bxc5
 9. cxd4 Nxd4 10. Bb2 Nbc6 11. Nc3 O-O 12. Ne4 Nxf3+ 13. Qxf3 Bd4 14. Nf6+ gxf6 15. exf6 Ne5 16. Qg3+ Ng6
 17. Bxd4 Qxd4 18. Qf3 Bd7 19. Rac1 Rac8 20. Bb3 Bb5 21. Rfe1 Rxc1 22. Rxc1 Rd8 23. g3 Bd3
{white resins} 0-1
{Time left: white - 8 minutes, 3 seconds, black - 25 minutes, 13 seconds.}

[Event "América central - AÉPA"]
[Site "PC"]
[Date "2025.07.04"]
[Round "1.07"]
[White "Arias Cano, Iliak Omar"]
[Black "Pouteau, Pascal"]
[Result "0-1"]
[ECO "B06"]
[Opening "Robatsch (modern) defence"]
[Time "?"]
[UTCTime "19:00"]
[UTCDate "2025.07.04"]
[WhiteElo "1610"]
[BlackElo "1613"]
[PlyCount "58"]
[TimeControl "3600+30"]
[WhiteTimeLeft "3593"]
[BlackTimeLeft "3600"]
[Termination "Abandoned"]
[Mode "TC"]
[Annotator "Ericlock2.65"]

 1. e4 g6 2. d4 Bg7 3. e5 e6 4. Nf3 c6 5. Nc3 d5 6. Bg5 Ne7 7. Bd3 h6 8. Bxe7 Qxe7
 9. h4 Nd7 10. Qd2 c5 11. g4 c4 12. Be2 a6 13. g5 h5 14. b3 b5 15. Nh2 b4 16. f4 bxc3
 17. Qxc3 Nb6 18. a4 a5 19. O-O O-O 20. Qb2 Rb8 21. Nf3 Ba6 22. Qc1 Rfc8 23. bxc4 Nxc4 24. Bxc4 Bxc4
 25. Rd1 Be2 26. Rb1 Bxd1 27. Qxd1 Rxb1 28. Qxb1 Qa3 29. Nd2 Qe3+
{black resins} 1-0
{Time left: white - 59 minutes, 53 seconds, black - one hour .}

[Event "América central - AÉPA"]
[Site "PC"]
[Date "2025.07.04"]
[Round "1.23"]
[White "Molina, Maria"]
[Black "Gerbaux, Régis"]
[Result "0-1"]
[ECO "B70"]
[Opening "Sicilian"]
[Variation "dragon variation"]
[Time "?"]
[UTCTime "19:00"]
[UTCDate "2025.07.04"]
[WhiteElo "1000"]
[BlackElo "1400"]
[PlyCount "50"]
[TimeControl "3600+30"]
[WhiteTimeLeft "3587"]
[BlackTimeLeft "3600"]
[Termination "Abandoned"]
[Mode "TC"]
[Annotator "Ericlock2.65"]

 1. e4 c5 2. Nf3 d6 3. d4 cxd4 4. Nxd4 Nf6 5. Nc3 g6 6. Bc4 Bg7 7. Nf3 h6 8. h3 O-O
 9. O-O b6 10. Re1 Re8 11. b3 Bb7 12. Nd2 Nc6 13. Ba3 Rc8 14. Nb5 a6 15. Nc3 Ne5 16. Bf1 Rxc3
 17. Nb1 Rc7 18. g3 Nxe4 19. Qd4 Nf3+ 20. Kg2 Nxd4 21. Bd3 Ng5+ 22. Kg1 Ndf3+ 23. Kf1 Nxe1 24. Kxe1 Qc8
 25. Bb2 Bxb2
{white resins} 0-1
{Time left: white - 59 minutes, 47 seconds, black - one hour .}

[Event "AÉPA - América central"]
[Site "PC"]
[Date "2025.07.04"]
[Round "2.01"]
[White "Ambrosino, Théo"]
[Black "Flores, Angel"]
[Result "1-0"]
[ECO "A16"]
[Opening "English opening"]
[Time "20:00"]
[UTCTime "18:00"]
[UTCDate "2025.07.04"]
[WhiteElo "1928"]
[BlackElo "1756"]
[PlyCount "29"]
[TimeControl "3600+30"]
[WhiteTimeLeft "3600"]
[BlackTimeLeft "3589"]
[Termination "Abandoned"]
[Mode "TC"]
[Annotator "Ericlock2.65"]

 1. c4 Nf6 2. Nc3 e5 3. Nf3 Nc6 4. g3 Bb4 5. Bg2 Bxc3 6. bxc3 d6 7. O-O Be6 8. d3 Qd7
 9. Rb1 b6 10. Ng5 h6 11. Nxe6 fxe6 12. Qa4 d5 13. cxd5 exd5 14. Bh3 Qd6 15. Ba3
{black resins} 1-0
{Time left: white - one hour , black - 59 minutes, 49 seconds.}

[Event "América central - AÉPA"]
[Site "PC"]
[Date "2025.07.06"]
[Round "1.10"]
[White "Pasasin, Alejandro "]
[Black "Kruk, Clémentine"]
[Result "0-1"]
[ECO "C70"]
[Opening "Ruy Lopez"]
[Variation "Graz variation"]
[Time "15:01:33"]
[UTCTime "13:01:33"]
[UTCDate "2025.07.06"]
[WhiteElo "1568"]
[BlackElo "1575"]
[PlyCount "84"]
[TimeControl "3600+30"]
[WhiteTimeLeft "424"]
[BlackTimeLeft "1678"]
[Termination "Abandoned"]
[Mode "TC"]
[Annotator "Ericlock2.65"]

 1. e4 e5 2. Nf3 Nc6 3. Bb5 a6 4. Ba4 b5 5. Bb3 Bc5 6. O-O Nf6 7. Nc3 Bb7 8. d3 h6
 9. Bd2 d6 10. h3 Na5 11. Nd5 Nxb3 12. Nxf6+ Qxf6 13. axb3 O-O 14. b4 Bb6 15. c3 Rfd8 16. Be3 c5
 17. Qe2 Qe7 18. Nh4 Qxh4 19. f4 Qe7 20. f5 f6 21. Qg4 Kf8 22. Qg6 Qf7 23. Qg4 Bc6 24. Qh4 Be8
 25. g4 Ke7 26. Rad1 Rac8 27. d4 cxd4 28. cxd4 Rc2 29. Rf2 Rxf2 30. Qxf2 Rc8 31. d5 Bxe3 32. Qxe3 Ra8
 33. Rc1 Kf8 34. Qb6 Qa7 35. Qxa7 Rxa7 36. Kf2 Ke7 37. Ke3 Kd8 38. h4 a5 39. Ra1 a4 40. Kd2 Rc7
 41. Kd3 Rc4 42. Rxa4 Rd4+
{white resins} 0-1
{Time left: white - 7 minutes, 4 seconds, black - 27 minutes, 58 seconds.}

[Event "Amérique central - AÉPA"]
[Site "PC"]
[Date "2025.07.06"]
[Round "1.05]
[White "Quiel, Aristóteles"]
[Black "Rodier, Marc"]
[Result "0-1"]
[ECO "B33"]
[Opening "Sicilian"]
[Variation "Pelikan (Lasker/Sveshnikov) variation"]
[Time "16:00"]
[UTCTime "14:00"]
[UTCDate "2025.07.06"]
[WhiteElo "1657"]
[BlackElo "1650"]
[PlyCount "68"]
[TimeControl "3600+30"]
[WhiteTimeLeft "3594"]
[BlackTimeLeft "3600"]
[Termination "Abandoned"]
[Mode "TC"]
[Annotator "Ericlock2.65"]

 1. e4 c5 2. Nf3 Nc6 3. d4 cxd4 4. Nxd4 Nf6 5. Nc3 e5 6. Nf3 Bb4 7. Bd2 O-O 8. a3 Bxc3
 9. Bxc3 Nxe4 10. Bc4 Nxc3 11. bxc3 d6 12. O-O Bg4 13. Be2 Qf6 14. Rb1 b6 15. Qd5 Qe6 16. Qxc6 Rfc8
 17. Qe4 f5 18. Qe3 Rf8 19. Nd4 Qg6 20. Bc4+ Kh8 21. Be2 exd4 22. cxd4 Rae8 23. Qf4 Rxe2 24. Rb5 Bh3
 25. Qg3 Qxg3 26. hxg3 Bg4 27. f3 Bh5 28. Rd5 Rd8 29. Rxf5 Bg6 30. Rb5 Rxc2 31. Rb4 Re8 32. Ra4 Ree2
 33. Rxa7 Rxg2+ 34. Kh1 Rh2+
{white resins} 0-1
{Time left: white - 59 minutes, 54 seconds, black - one hour .}

[Event "América central - AÉPA"]
[Site "PC"]
[Date "2025.07.07"]
[Round "1.09"]
[White "Aceituno, Stebe"]
[Black "Hargez, Dany"]
[Result "1-0"]
[ECO "C40"]
[Opening "QP counter-gambit"]
[Variation "Maroczy gambit"]
[Time "18:05:43"]
[UTCTime "16:05:43"]
[UTCDate "2025.07.07"]
[WhiteElo "1588"]
[BlackElo "1578"]
[PlyCount "79"]
[TimeControl "3600+30"]
[WhiteTimeLeft "3598"]
[BlackTimeLeft "1860"]
[Termination "Abandoned"]
[Mode "TC"]
[Annotator "Ericlock2.65"]

 1. e4 e5 2. Nf3 d5 3. exd5 Bd6 4. Nc3 Nf6 5. Bb5+ Bd7 6. Bxd7+ Nbxd7 7. O-O O-O 8. d3 Nc5
 9. Bg5 Be7 10. Nxe5 Qd6 11. d4 Ncd7 12. f4 Nxd5 13. Bxe7 Nxe7 14. Ne4 Qe6 15. Qd3 f6 16. Nxd7 Qxd7
 17. Nc5 Qc8 18. Qc4+ Kh8 19. Qe6 Qxe6 20. Nxe6 Rfe8 21. Nxc7 Nf5 22. Nxa8 Rxa8 23. c3 Re8 24. Rae1 Ne3
 25. Rf3 g5 26. Rfxe3 Rg8 27. Re8 gxf4 28. Rxg8+ Kxg8 29. Rf1 Kg7 30. Rxf4 h5 31. h4 Kg6 32. Kf2 f5
 33. Ke3 Kf6 34. d5 Ke5 35. Rd4 Kd6 36. Kf4 b5 37. Kxf5 Kc5 38. d6 b4 39. d7 bxc3 40. bxc3
{black resins} 1-0
{Time left: white - 59 minutes, 58 seconds, black - 31 minutes.}

[Event "América central - AÉPA"]
[Site "PC"]
[Date "2025.07.07"]
[Round "1.13"]
[White "Pontaza, Gerson"]
[Black "Gharbi, Saïd"]
[Result "0-1"]
[ECO "A40"]
[Opening "Queen's pawn"]
[Variation "Charlick (Englund) gambit"]
[Time "11:47:37"]
[UTCTime "17:47:37"]
[UTCDate "2025.07.07"]
[WhiteElo "1482"]
[BlackElo "1544"]
[PlyCount "104"]
[TimeControl "3600+30"]
[WhiteTimeLeft "-33"]
[BlackTimeLeft "1732"]
[Termination "time forfeit"]
[Mode "TC"]
[Annotator "Ericlock2.65"]

 1. d4 e5 2. d5 Bc5 3. e4 c6 4. c4 Qb6 5. Qc2 Nf6 6. Nc3 Ng4 7. Nh3 Na6 8. a3 Qa5
 9. Be2 d6 10. Qb1 Qb6 11. O-O Nf6 12. Na4 Qd8 13. b4 Bd4 14. Bb2 Bxb2 15. Qxb2 Bxh3 16. gxh3 Nxe4
 17. Bf3 Qg5+ 18. Kh1 Nd2 19. Rg1 Qf4 20. Bg2 Nxc4 21. Qc3 cxd5 22. Qf3 Qxf3 23. Bxf3 e4 24. Be2 b5
 25. Nc3 Nc7 26. Rxg7 Ne6 27. Rg4 O-O-O 28. Nxd5 Nd4 29. Bxc4 bxc4 30. Rxe4 Nc6 31. Rxc4 Kb7 32. b5 Ne5
 33. Rc7+ Ka8 34. Nf6 Kb8 35. Rac1 Nd3 36. R1c2 Nxf2+ 37. Kg2 Nd3 38. Kf1 Ne5 39. a4 Rc8 40. Rxc8+ Rxc8
 41. Rxc8+ Kxc8 42. Nxh7 Kb7 43. Nf6 Kb6 44. Kf2 Ka5 45. h4 Ng6 46. h5 Nh8 47. Kf3 Kxa4 48. Kf4 Kxb5
 49. Ne4 a5 50. Nxd6+ Kb4 51. Kf5 a4 52. Kf6 a3
{cayó la bandera de las blancas} 0-1
{Tiempo restante: blancas - menos 33 segundos, negras - 28 minutos, 52 segundos.}

[Event "América central - AÉPA"]
[Site "PC"]
[Date "2025.07.08"]
[Round "1.20"]
[White "Carias, Nancy"]
[Black "Maccafferri, Massimo"]
[Result "0-1"]
[ECO "A40"]
[Opening "Queen's pawn"]
[Variation "Charlick (Englund) gambit"]
[Time "14:22:15"]
[UTCTime "19:22:15"]
[UTCDate "2025.07.08"]
[WhiteElo "1000"]
[BlackElo "1446"]
[PlyCount "94"]
[TimeControl "3600+30"]
[WhiteTimeLeft "2309"]
[BlackTimeLeft "3151"]
[Termination "Abandoned"]
[Mode "TC"]
[Annotator "Ericlock2.65"]

 1. d4 e5 2. e3 Qe7 3. Nf3 exd4 4. Nxd4 Nc6 5. c3 Nxd4 6. cxd4 b6 7. Bd3 Nf6 8. e4 Nxe4
 9. Qe2 Bb7 10. Nd2 c5 11. Nxe4 Bxe4 12. Bxe4 O-O-O 13. Bd2 cxd4 14. Rc1+ Kb8 15. Bf4+ d6 16. O-O f5
 17. f3 fxe4 18. fxe4 Re8 19. Qa6 Qxe4 20. Bxd6+ Bxd6 21. Rfe1 Qf4 22. g3 Qh6 23. Rc4 Bc5 24. b4 d3+
 25. bxc5 Rxe1+ 26. Kf2 Qe3+ 27. Kg2 Re2+ 28. Kh3 Qe6+ 29. g4 h5 30. Kg3 Qxg4+ 31. Rxg4 hxg4 32. Kxg4 Rg2+
 33. Kf3 Rhxh2 34. cxb6 Rf2+ 35. Ke4 axb6 36. Qxb6+ Kc8 37. Qa6+ Kd8 38. Qxd3+ Ke7 39. Kd4 Rd2 40. Ke3 Rxd3+
 41. Kxd3 Rxa2 42. Kc4 g5 43. Kb3 Rf2 44. Kc4 g4 45. Kd3 g3 46. Ke4 g2 47. Ke3 g1=Q
{las blancas abandonan} 0-1
{Tiempo restante: blancas - 38 minutos, 29 segundos, negras - 52 minutos, 31 segundos.}

[Event "América central - AÉPA"]
[Site "PC"]
[Date "2025.07.09"]
[Round "1.19"]
[White "Argueta, Victoriano"]
[Black "Vervoort, Jean-Louis"]
[Result "1/2-1/2"]
[ECO "B01"]
[Opening "Scandinavian (centre counter) defence"]
[Time "23:15:57"]
[UTCTime "21:15:57"]
[UTCDate "2025.07.09"]
[WhiteElo "1000"]
[BlackElo "1480"]
[PlyCount "108"]
[TimeControl "3600+30"]
[WhiteTimeLeft "2035"]
[BlackTimeLeft "937"]
[Termination "By agreement"]
[Mode "TC"]
[Annotator "Ericlock2.65"]

 1. e4 d5 2. d3 d4 3. Nf3 Nc6 4. g3 e5 5. Bg2 Bg4 6. Nbd2 Nf6 7. O-O Bb4 8. Re1 O-O
 9. Nf1 Bxe1 10. Qxe1 Qd7 11. Bg5 Qe6 12. Bxf6 Qxf6 13. Qe2 Rfe8 14. h3 Bxf3 15. Bxf3 Re6 16. Nh2 Qh6
 17. Rf1 Rg6 18. Kg2 Qg5 19. h4 Qh6 20. Ng4 Rxg4 21. Bxg4 Re8 22. Qf3 Re6 23. Bxe6 Qxe6 24. b3 Nb4
 25. Qh5 Nxc2 26. f4 exf4 27. Rxf4 Ne3+ 28. Kh2 a5 29. e5 a4 30. Qg5 Qd5 31. Re4 axb3 32. axb3 g6
 33. Kg1 Qxb3 34. Rxe3 dxe3 35. Qxe3 b5 36. Kf2 b4 37. d4 Qc2+ 38. Qd2 b3 39. Ke1 Qxd2+ 40. Kxd2 b2
 41. Kc2 Kf8 42. Kxb2 Ke7 43. Kc3 Ke6 44. Kc4 c6 45. Kc5 Kd7 46. g4 h6 47. d5 cxd5 48. Kxd5 Ke7
 49. h5 gxh5 50. gxh5 f6 51. e6 f5 52. Ke5 f4 53. Kxf4 Kxe6 54. Kg4 Kf6
{Draw by agreement} 1/2-1/2
{Time left: white - 33 minutes, 55 seconds, black - 15 minutes, 37 seconds.}

[Event "América central - AÉPA"]
[Site "PC"]
[Date "2025.07.10"]
[Round "1.04"]
[White "Rosa, Melany"]
[Black "Lambert, Pierre"]
[Result "1/2-1/2"]
[WhiteElo "1686"]
[BlackElo "1791"]
[TimeControl "3600+30"]
[ECO "B22"]
[Opening "Sicilian"]
[Variation "Alapin's variation (2.c3)"]
[Time "17:05:56"]
[UTCTime "23:05:56"]
[UTCDate "2025.07.10"]
[PlyCount "107"]
[WhiteTimeLeft "2520"]
[BlackTimeLeft "1622"]
[Termination "threefold repetition"]
[Mode "TC"]

1. e4 c5 2. c3 d5 3. exd5 Qxd5 4. Nf3 Nf6 5. h3 e6 6. d4 a6 7. Bd3 Nc6 8.
dxc5 Bxc5 9. O-O O-O 10. Bg5 Ne5 11. Nxe5 Qxe5 12. Bxf6 Qxf6 13. Nd2 Rd8
14. Ne4 Qe7 15. Nxc5 Qxc5 16. Bxh7+ Kxh7 17. Qxd8 b5 18. Rad1 Bb7 19. Qd7
Ra7 20. Qd6 Qg5 21. Qd3+ g6 22. Qg3 Qe7 23. Rd4 Bd5 24. a3 Ra8 25. Qh4+
Qxh4 26. Rxh4+ Kg7 27. Rd4 Rc8 28. Rfd1 Kf6 29. f4 Kg7 30. Kf2 Kf6 31. g4
Kg7 32. Kg3 f5 33. g5 Rc5 34. R1d2 Rc8 35. Rxd5 exd5 36. Rxd5 Re8 37. Kf3
Rh8 38. Kg3 Re8 39. Rd3 Re2 40. Rd6 Rxb2 41. Rxa6 Rb3 42. Rb6 Rxc3+ 43. Kh4
Rxa3 44. Rxb5 Rf3 45. Rb7+ Kg8 46. Rb4 Kg7 47. Rc4 Kf7 48. Rc7+ Kg8 49. Rc4
Kg7 50. Ra4 Kf7 51. Rb4 Kg7 52. Rb7+ Kg8 53. Rb6 Kg7 54. Rb7+
{triple repetición} 1/2-1/2

[Event "América central - AÉPA"]
[Site "PC"]
[Date "2025.07.10"]
[Round "1.12"]
[White "Hernandez, George"]
[Black "Sauvaget, Joël"]
[Result "1-0"]
[ECO "C23"]
[Opening "Bishop's opening"]
[Time "22:32:17"]
[UTCTime "20:32:17"]
[UTCDate "2025.07.10"]
[WhiteElo "1522"]
[BlackElo "1553"]
[PlyCount "39"]
[TimeControl "3600+30"]
[WhiteTimeLeft "1730"]
[BlackTimeLeft "762"]
[Termination "Abandoned"]
[Mode "TC"]
[Annotator "Ericlock2.65"]

 1. e4 e5 2. Bc4 h6 3. d4 exd4 4. Qh5 Qf6 5. e5 Qg6 6. Qf3 Nc6 7. Bf4 Bb4+ 8. c3 dxc3
 9. bxc3 Bc5 10. Ne2 Nge7 11. Bd3 Qe6 12. Qe4 Ng6 13. Bc4 Qe7 14. O-O Nxf4 15. Nxf4 Qxe5 16. Nd2 Qxe4
 17. Nxe4 d6 18. Nxc5 dxc5 19. Rfe1+ Ne5 20. Rxe5+
{black resins} 1-0
{Time left: white - 28 minutes, 50 seconds, black - 12 minutes, 42 seconds.}

[Event "América central - AÉPA"]
[Site "PC"]
[Date "2025.07.10"]
[Round "1.16"]
[White "Ocampo, Sandra"]
[Black "Bucherie, Volcy"]
[Result "0-1"]
[Time "12:59:54"]
[UTCTime "16:59:54"]
[UTCDate "2025.07.10"]
[WhiteElo "1328"]
[BlackElo "1524"]
[PlyCount "141"]
[TimeControl "3600+30"]
[WhiteTimeLeft "1041"]
[BlackTimeLeft "1471"]
[Termination "Abandon"]
[Mode "TC"]
[Annotator "Ericlock2.65"]

1. e4 c6 2. c3 d5 3. d3 dxe4 4. dxe4 Nd7 5. Bc4 e6 6. Nf3 b5 7. Bb3 Be7 8.
a3 Ngf6 9. Be3 Nxe4 10. Bc2 Nec5 11. b4 Na6 12. O-O O-O 13. Qd3 g6 14. Bh6
Re8 15. Qd4 Bf6 16. Qe3 Qb6 17. Qe2 e5 18. Be3 c5 19. Be4 Rb8 20. a4 bxa4
21. Rxa4 Bb7 22. Bd3 e4 23. Bxa6 exf3 24. gxf3 Qc6 25. Bd2 Qxa4 26. Bc4
Bxc3 27. Qd3 Bxd2 28. Qxd2 Qxb4 29. Qd3 Ne5 30. Qe2 Nxf3+ 31. Kg2 Nd2+

[Event "América central - AÉPA"]
[Site "PC"]
[Date "2025.07.10"]
[Round "1.22"]
[White "Herrera Oscar"]
[Black "Ortis Yves"]
[Result "1/2-1/2"]
[ECO "B30"]
[Opening "Sicilian defence"]
[Time "12:59:54"]
[UTCTime "16:59:54"]
[UTCDate "2025.07.10"]
[WhiteElo "1000"]
[BlackElo "1424"]
[PlyCount "141"]
[TimeControl "3600+30"]
[WhiteTimeLeft "1041"]
[BlackTimeLeft "1471"]
[Termination "By agreement"]
[Mode "TC"]
[Annotator "Ericlock2.65"]

 1. e4 c5 2. Nf3 Nc6 3. Bc4 Nf6 4. d3 d6 5. h3 g6 6. Be3 b6 7. Nc3 a6 8. a3 Bg7
 9. O-O O-O 10. Ne2 e5 11. Ng3 Ne7 12. c3 Bd7 13. Qd2 Kh8 14. Bh6 Neg8 15. Bxg7+ Kxg7 16. Nh4 Nh6
 17. Qg5 Nfg8 18. Nhf5+ Nxf5 19. Qxd8 Rfxd8 20. exf5 Bxf5 21. Rae1 Ne7 22. d4 b5 23. Ba2 Bd3 24. Ne2 cxd4
 25. Bb1 Bc4 26. f3 Rab8 27. Rf2 a5 28. cxd4 Bxe2 29. Rfxe2 f6 30. dxe5 dxe5 31. Kf2 Nc6 32. Ke3 Nd4
 33. Rd2 f5 34. f4 exf4+ 35. Kf2 Kf6 36. Rd3 a4 37. Red1 Ne6 38. Ba2 Rxd3 39. Rxd3 Rd8 40. Rxd8 Nxd8
 41. Kf3 Ke5 42. Bg8 h6 43. Bh7 g5 44. Bg6 Nc6 45. Kf2 Ke4 46. Bh5 Ne5 47. Be2 g4 48. Bxb5 g3+
 49. Kf1 f3 50. gxf3+ Nxf3 51. Kg2 Kf4 52. Bc6 Ne1+ 53. Kf1 Nd3 54. Bxa4 Nxb2 55. Bc6 Ke3 56. Bg2 f4
 57. h4 Nd3 58. a4 Nc5 59. a5 f3 60. Bh3 Kf4 61. Kg1 g2 62. Kf2 g1=Q+ 63. Kxg1 Kg3 64. Bf5 Kxh4
 65. Kf2 Kg5 66. Bc8 Kf4 67. a6 Nxa6 68. Bxa6 h5 69. Bc8 h4 70. Bh3 Ke4 71. Bg4
{Draw by agreement} 1/2-1/2
{Time left: white - 17 minutes, 21 seconds, black - 24 minutes, 31 seconds.}

[Event "AÉPA - América central"]
[Site "PC"]
[Date "2025.07.13"]
[Round "2.05"]
[White "Rodier, Marc"]
[Black "Quiel, Aristóteles"]
[Result "1-0"]
[ECO "C65"]
[Opening "Ruy Lopez"]
[Variation "Berlin defence, 4.O-O"]
[Time "16:00"]
[UTCTime "14:00"]
[UTCDate "2025.07.13"]
[WhiteElo "1650"]
[BlackElo "1657"]
[PlyCount "65"]
[TimeControl "3600+30"]
[WhiteTimeLeft "3600"]
[BlackTimeLeft "3600"]
[Termination "Checkmate"]
[Mode "TC"]
[Annotator "Ericlock2.65"]

 1. e4 e5 2. Nf3 Nc6 3. Bb5 Nf6 4. O-O Be7 5. Re1 a6 6. Bxc6 dxc6 7. Nxe5 O-O 8. d4 Be6
 9. Bg5 h6 10. Bh4 g5 11. Bg3 Qe8 12. Qe2 Rd8 13. c3 Kh8 14. Nd2 b5 15. b4 Bc8 16. Qe3 Rd6
 17. Ndf3 Rg8 18. Nd3 Ng4 19. Qd2 Rd7 20. e5 Rd5 21. h3 Nxf2 22. Qxf2 Qf8 23. Nc5 g4 24. Nh4 gxh3
 25. Kh2 hxg2 26. Nxg2 Bh3 27. Rg1 Qe8 28. Bh4 Bxh4 29. Qxh4 Bf5 30. Qxh6+ Bh7 31. Nf4 Rxg1 32. Rxg1 Rd8
 33. Qg7#
{checkmate} 1-0
{Time left: white - one hour , black - one hour .}

[Event "AÉPA - América central"]
[Site "PC"]
[Date "2025.07.15"]
[Round "2.12"]
[White "Sauvaget, Joël"]
[Black "Hernandez, George"]
[Result "0-1"]
[ECO "B01"]
[Opening "Scandinavian (centre counter) defence"]
[Time "21:00"]
[UTCTime "19:00"]
[UTCDate "2025.07.12"]
[WhiteElo "1553"]
[BlackElo "1522"]
[PlyCount "46"]
[TimeControl "3600+30"]
[WhiteTimeLeft "483"]
[BlackTimeLeft "1513"]
[Termination "Abandoned"]
[Mode "TC"]
[Annotator "Ericlock2.65"]

1. d4 Nf6 2. h3 d5 3. Bf4 Bf5 4. Nf3 Nc6 5. c3 e6 6. e3 Bd6 7. Bxd6 Qxd6 8. Be2 O-O-O 9. O-O h6 10. e4 Nxe4 11. Nbd2 g5 12. Nxe4 dxe4 13. h2 g4 14. Bxg4 Rdg8 15. Bxf5 exf5 16. Qe2 h5 17. Rfd1 h4 18. b4 Qg6 19. Qf1 Rh5 20. f3 Rg5 21. Rd2 e3 22. Re2 f4 23. Rd1 Rg3 24. Kh1 Ne7 25. Ng4 Nf5 26. d5 Rxh3+ 27. gxh3 Ng3+ 28. Kg2

[Event "AÉPA - América central"]
[Site "PC"]
[Date "2025.07.18"]
[Round "2.14"]
[White "Le Bouill, Pierre"]
[Black "Mendoza Oporta, Esmerling Antonio"]
[Result "0-1"]
[ECO "A05"]
[Opening "Reti opening"]
[Time "21:00"]
[UTCTime "19:00"]
[UTCDate "2025.07.18"]
[WhiteElo "1534"]
[BlackElo "1455"]
[PlyCount "34"]
[TimeControl "3600+30"]
[WhiteTimeLeft "3600"]
[BlackTimeLeft "3600"]
[Termination "Abandona"]
[Mode "TC"]
[Annotator "Ericlock2.65"]

 1. Nf3 Nf6 2. d4 d6 3. h3 Nbd7 4. Bf4 Nb6 5. b3 Nbd5 6. Bh2 Bf5 7. e3 Nb4 8. a3 Nxc2+
 9. Ke2 Nxa1 10. Qc1 Nxb3 11. Qc3 Nxd4+ 12. Nxd4 Bxb1 13. Qb3 Be4 14. f3 Bd5 15. Qb2 e5 16. Nf5 g6
 17. Kf2 gxf5
*
{Time left: white - one hour , black - one hour .}

[Event "AÉPA - América central"]
[Site "PC"]
[Date "2025.07.18"]
[Round "2.21"]
[White "Rodriguez, Nathalie"]
[Black "Chamorro Cajina, Iván Antonio"]
[Result "0-1"]
[ECO "D00"]
[Opening "Queen's pawn, Mason variation"]
[Time "21:00:14"]
[UTCTime "19:00:14"]
[UTCDate "2025.07.18"]
[WhiteElo "1434"]
[BlackElo "1000"]
[PlyCount "96"]
[TimeControl "3600+30"]
[WhiteTimeLeft "3503"]
[BlackTimeLeft "3480"]
[Termination "Abandoned"]
[Mode "TC"]
[Annotator "Ericlock2.65"]

 1. d4 d5 2. Bf4 Nc6 3. Nc3 a6 4. a3 g6 5. Nf3 Bg7 6. e3 e6 7. Be2 Nge7 8. h3 O-O
 9. O-O Nf5 10. Re1 Re8 11. Bd3 Nd6 12. e4 dxe4 13. Nxe4 Nxe4 14. Bxe4 Nxd4 15. Nxd4 Bxd4 16. Bg3 Bxb2
 17. Rb1 Bxa3 18. Qxd8 Rxd8 19. Rb3 Bd6 20. Rd3 Rb8 21. Red1 e5 22. c4 f6 23. c5 f5 24. Bf3 e4
 25. Rd4 exf3 26. gxf3 Be6 27. cxd6 c6 28. d7 Ra8 29. Rd6 Kf7 30. Bh4 Rxd7 31. Rxd7+ Bxd7 32. Rxd7+ Ke6
 33. Re7+ Kd5 34. Rxb7 h6 35. Kg2 g5 36. Bg3 f4 37. Bh2 a5 38. Rd7+ Kc5 39. h4 a4 40. Rb7 a3
 41. Rb1 a2 42. Ra1 Kb4 43. hxg5 hxg5 44. Kh3 Kb3 45. Kg4 Rg8 46. Kf5 c5 47. Ke4 c4 48. Kd4 c3
{white resins} 0-1
{Time left: white - 58 minutes, 23 seconds, black - 58 minutes.}

[Event "AÉPA - América central"]
[Site "PC"]
[Date "2025.07.19"]
[Round "2.19"]
[White "Vervoort, Jean-Louis"]
[Black "Argueta, Jean-Louis"]
[Result "0-1"]
[ECO "A41"]
[Opening "Queen's pawn"]
[Time "20:00"]
[UTCTime "18:00"]
[UTCDate "2025.07.19"]
[WhiteElo "1000"]
[BlackElo "1480"]
[PlyCount "82"]
[TimeControl "3600+30"]
[WhiteTimeLeft "3600"]
[BlackTimeLeft "3600"]
[Termination "Abandoned"]
[Mode "TC"]
[Annotator "Ericlock2.65"]

 1. d4 d6 2. Bf4 Nf6 3. c3 Nc6 4. e3 Bg4 5. Qc2 e5 6. Bg5 g6 7. Bxf6 Qxf6 8. f3 Bd7
 9. Nd2 d5 10. O-O-O Bg7 11. Bd3 O-O 12. h4 a5 13. f4 e4 14. Nxe4 dxe4 15. Bxe4 b5 16. Ne2 Rab8
 17. h5 Na7 18. hxg6 fxg6 19. Ng3 Bg4 20. Rdf1 c6 21. f5 Bxf5 22. Bxf5 Qd6 23. Ne4 Qd5 24. Nf6+ Rxf6
 25. Bd3 Qxa2 26. Rxf6 Bxf6 27. Bxg6 Qa1+ 28. Qb1 Qxb1+ 29. Bxb1 Rb7 30. e4 Rg7 31. e5 Bg5+ 32. Kd1 h6
 33. e6 Re7 34. Re1 Kg7 35. Kc2 Kf6 36. Ba2 Nc8 37. Kd3 Nd6 38. Bb3 a4 39. Ba2 Nf5 40. b3 Rxe6
 41. b4 Rxe1
{white resins} 0-1
{Time left: white - one hour , black - one hour .}

[Event "AÉPA - América central"]
[Site "PC"]
[Date "2025.07.20"]
[Round "2.10"]
[White "Kruk, Clémentine"]
[Black "Pasasin, Alejandro"]
[Result "0-1"]
[ECO "C54"]
[Opening "Giuoco piano"]
[Time "15:01:31"]
[UTCTime "13:01:31"]
[UTCDate "2025.07.20"]
[WhiteElo "1575"]
[BlackElo "1568"]
[PlyCount "114"]
[TimeControl "3600+30"]
[WhiteTimeLeft "1957"]
[BlackTimeLeft "1161"]
[Termination "Abandoned"]
[Mode "TC"]
[Annotator "Ericlock2.65"]

 1. e4 e5 2. Nf3 Nc6 3. Bc4 Bc5 4. c3 Nf6 5. d4 exd4 6. cxd4 Bb6 7. e5 d5 8. exf6 dxc4
 9. d5 Nb8 10. Qe2+ Kf8 11. fxg7+ Kxg7 12. O-O Re8 13. Qd2 Qf6 14. Nc3 Ba5 15. Re1 Rxe1+ 16. Qxe1 Bd7
 17. Qe3 Bb6 18. Qg5+ Qxg5 19. Bxg5 h6 20. Bf4 Bf5 21. Re1 Nd7 22. Nb5 Rc8 23. Nbd4 Bh7 24. Re7 Nc5
 25. Ne6+ Nxe6 26. dxe6 Rf8 27. Be5+ Kg8 28. Nd4 f6 29. Bxc7 Bxd4 30. Bd6 Bxb2 31. Rxh7 Kxh7 32. Bxf8 c3
 33. Bb4 c2 34. Bd2 Kg8 35. f4 c1=Q+ 36. Bxc1 Bxc1 37. f5 Kf8 38. Kf2 Ke7 39. Kf3 Kd6 40. Ke4 b6
 41. h4 a5 42. g4 Bd2 43. Kd3 Be1 44. h5 Bb4 45. Ke4 Bc5 46. a4 b5 47. axb5 a4 48. Kd3 a3
 49. Kc2 Kc7 50. Kb3 Kb6 51. Ka2 Kxb5 52. g5 fxg5 53. f6 Kc6 54. e7 Kd7 55. Kb1 g4 56. Kc2 g3
 57. f7 Kxe7
{black resins} 1-0
{Time left: white - 32 minutes, 37 seconds, black - 19 minutes, 21 seconds.}